 Dungeon Crawl Stone Soup version 0.22.1-2-g9c5b331383 (webtiles) character file.

837 Marnok the Slasher (level 8, -43/60 HPs)
             Began as a Human Fighter on Dec 28, 2018.
             Killed from afar by an orc wizard (46 damage)
             ... with an exploding inner flame
             ... hexed by the player character
             ... on level 6 of the Dungeon.
             The game lasted 00:21:56 (4526 turns).

Marnok the Slasher (Human Fighter)                  Turns: 4526, Time: 00:21:59

Health: -43/60     AC: 12    Str: 23    XL:     8   Next: 19%
Magic:  8/8        EV:  9    Int:  8    God:
Gold:   183        SH: 10    Dex: 14    Spells: 7/7 levels left

rFire    x . .     SeeInvis .   a - +0 long sword
rCold    + . .     Gourm    .   c - +0 shield
rNeg     . . .     Faith    .   n - +1 scale mail {MR+}
rPois    .         Spirit   .   l - +0 helmet
rElec    .         Reflect  .   (no cloak)
rCorr    .         Harm     .   o - +1 pair of gloves
MR       +....                  x - +0 pair of boots (curse)
Stlth    ..........             (no amulet)
HPRegen  0.20/turn              g - ring of ice
MPRegen  0.11/turn              (no ring)

@: mighty
A: no striking features
a: no special abilities


You were on level 6 of the Dungeon.
You were not hungry.

You visited 1 branch of the dungeon, and saw 6 of its levels.

You collected 253 gold pieces.
You spent 70 gold pieces at shops.

Inventory:

Hand Weapons
 a - a +0 long sword (weapon)
 r - a +0 dagger of speed
 C - a +0 antimagic dagger
Armour
 c - a +0 shield (worn)
 l - a +0 helmet (worn)
 n - a +1 scale mail of magic resistance (worn)
 o - a +1 pair of gloves (worn)
 x - a cursed +0 pair of boots (worn)
Jewellery
 g - a ring of ice (left hand)
 s - a +4 ring of evasion {unknown}
Wands
 d - a wand of polymorph (12)
 h - a wand of disintegration (15)
 p - a wand of paralysis (18)
 t - a wand of flame (28)
Scrolls
 e - 2 scrolls of teleportation
 j - 4 scrolls of amnesia
 v - 2 scrolls of remove curse
Potions
 k - 4 potions of curing
 q - a potion of lignification
 u - a potion of mutation
 w - a potion of magic
 z - a potion of agility {unknown}
 B - a potion of cancellation {unknown}
Comestibles
 f - 4 rations
 A - 4 chunks of flesh


   Skills:
 + Level 4.1 Fighting
 + Level 5.8 Long Blades
 + Level 4.3 Armour
 + Level 2.2 Dodging
 + Level 1.1 Stealth
 + Level 5.1 Shields


You had 7 spell levels left.
You didn't know any spells.
Your spell library contained the following spells:

 Spells                   Type           Power        Failure   Level  Hunger
 Shock                    Conj/Air       #...         98%         1    ##.....
 Swiftness                Chrm/Air       #.......     99%         2    ###....
 Static Discharge         Conj/Air       #.......     100%        3    ####...
 Teleport Other           Tloc           #.......     100%        3    ####...
 Airstrike                Air            #.........   100%        4    #####..
 Excruciating Wounds      Chrm/Necr      #.........   100%        5    ######.
 Iskenderun's Battlesphe  Conj/Chrm      #.......     100%        5    ######.
 Lightning Bolt           Conj/Air       #.........   100%        5    ######.
 Malign Gateway           Summ/Tloc      #.........   100%        7    #######


Dungeon Overview and Level Annotations

Branches:
Dungeon (6/15)
 Temple: D:4-7

Altars:
Dithmenos
Nemelex Xobeh
Okawaru
Vehumet
The Shining One

Shops:
D:5 !

Annotations:
D:6 Edmund


Message History

It was a scroll of immolation.
The orc priest hits you but does no damage.
Something hits you. You block the orc wizard's attack.
You feel better.
The orc priest hits you but does no damage.
Something hits you but does no damage.
The orc wizard mumbles some strange words.
The orc wizard seems to speed up.
You feel very mighty all of a sudden. You block the orc wizard's attack.
The orc priest hits you but does no damage.
Something hits you but does no damage.
You slice the orc priest!!
The orc priest explodes!
The fiery explosion engulfs you! The fire burns you terribly!
* * * LOW HITPOINT WARNING * * *
The fiery explosion engulfs something.
The fiery explosion engulfs you! The fire burns you terribly!
Ouch! That really hurt!
You die...

#.## #...##..........
### ###...##.......... #
#.....)....##..... #
#...[......##).... #
#.................
#....#.................
#....#........§§########
#....#.....##.§§#§§.....
#....#.....##.§o@§§.....
#....#........§§#§§.....
#....#........§§#§§.....
.....#.....##...#.%.....
.....# ... #...#.......
.....# .. ....#.......
.##### #....#....... .#
##... ....... .#


You could see an orc wizard (inner flame).

Vanquished Creatures
  Duvessa (D:6)
  A phantom (D:4)
  A centaur (D:6)
  A bullfrog (D:6)
  Dowan (D:6)
  A howler monkey (D:4)
  An orc wizard (D:5)
  A bullfrog skeleton (D:4)
  2 hounds
  Ijyb (D:3)
  An iguana (D:4)
  2 worker ants
  Terence (D:2)
  11 adders
  An ooze (D:3)
  A worm (D:4)
  2 dart slugs
  3 leopard geckos
  8 orcs
  3 ball pythons
  6 bats
  6 giant cockroaches
  6 goblins
  4 hobgoblins
  3 quokkas
  A frilled lizard (D:1)
  A jackal skeleton (D:4)
  7 kobolds
  A quokka skeleton (D:4)
  10 rats
89 creatures vanquished.

Vanquished Creatures (others)
  An ice beast (D:5)
  An adder (D:5)
  A quokka skeleton (D:5)
3 creatures vanquished.

Grand Total: 92 creatures vanquished

Notes
Turn   | Place    | Note
-------+----------+-------------------------------------------
     0 | D:1      | Marnok the Human Fighter began the quest for the Orb.
     0 | D:1      | Reached XP level 1. HP: 18/18 MP: 1/1
   313 | D:1      | Reached XP level 2. HP: 20/24 MP: 2/2
   775 | D:2      | Reached XP level 3. HP: 25/29 MP: 3/3
   982 | D:2      | Reached XP level 4. HP: 14/35 MP: 4/4
  1172 | D:2      | Noticed Terence
  1182 | D:2      | Killed Terence
  1182 | D:2      | Reached skill level 1 in Dodging
  1553 | D:3      | Found a shadowy altar of Dithmenos.
  1777 | D:3      | Reached XP level 5. HP: 38/41 MP: 5/5
  1939 | D:3      | Noticed Ijyb
  1945 | D:3      | Paralysed by Ijyb for 5 turns
  1957 | D:3      | Killed Ijyb
  2019 | D:3      | Reached XP level 6. HP: 38/47 MP: 6/6
  2287 | D:5      | Entered Level 5 of the Dungeon
  2324 | D:4      | Reached skill level 1 in Stealth
  2625 | D:4      | Noticed a phantom
  2648 | D:4      | Killed a phantom
  2679 | D:4      | Reached XP level 7. HP: 39/52 MP: 7/7
  2817 | D:4      | Reached skill level 5 in Long Blades
  3148 | D:5      | Found Zoud's Distillery.
  3151 | D:5      | Bought a potion of heal wounds for 70 gold pieces
  3172 | D:5      | Found a sparkling altar of Nemelex Xobeh.
  3190 | D:6      | Found an iron altar of Okawaru.
  3191 | D:6      | Noticed Edmund
  3336 | D:5      | Found a glowing golden altar of the Shining One.
  3959 | D:5      | Found a radiant altar of Vehumet.
  4240 | D:6      | Identified Cickarer's Tome of Dislocated Self-Improvement
  4272 | D:6      | Reached skill level 5 in Shields
  4378 | D:6      | Noticed Dowan
  4378 | D:6      | Noticed Duvessa
  4389 | D:6      | Killed Dowan
  4389 | D:6      | Reached XP level 8. HP: 47/60 MP: 8/8
  4417 | D:6      | Killed Duvessa
  4526 | D:6      | HP: 3/60 [orc priest/exploding inner flame[the player
                  | character] (27)]
  4526 | D:6      | Killed from afar by an orc wizard

Skill      XL: |  1  2  3  4  5  6  7 |
---------------+----------------------+-----
Dodging        | 1 2 |  2.2
Long Blades    | 3 4 5 |  5.8
Shields        | 4 5 |  5.1
Stealth        | 1 |  1.1
Armour         | 4 |  4.3
Fighting       | 4 |  4.1

Action                   |  1- 3 |  4- 6 |  7- 9 || total
-------------------------+-------+-------+-------++-------
Melee: Long sword        |   100 |   164 |   152 ||   416
  Use: Potion            |     1 |     1 |     5 ||     7
       Scroll            |       |     4 |     6 ||    10
  Eat: Ration            |       |     1 |       ||     1
       Chunk             |       |     2 |     7 ||     9
Armor: Scale mail        |    56 |    88 |    82 ||   226
Dodge: Dodged            |    29 |    55 |    45 ||   129
Block: Shield            |    56 |    86 |    95 ||   237
       Rpst.: Long sword |    10 |    17 |    11 ||    38
